 Dungeon Crawl Stone Soup version 0.29.1-12-g30fa7ad0bf (webtiles) character file.

Game seed: 4508869922078291284

0 croobank the Sneak (level 1, -1/18 HPs)
             Began as a Demonspawn Delver on Jan 4, 2023.
             Slain by an orc
             ... wielding a +0 hand axe
              (5 damage)
             ... on level 4 of the Dungeon.
             The game lasted 00:03:46 (355 turns).

croobank the Sneak (Demonspawn Delver)               Turns: 355, Time: 00:03:47

Health: -1/18      AC:  3    Str: 12    XL:     1   Next: 0%
Magic:  1/1        EV: 11    Int: 11    God:
Gold:   0          SH:  0    Dex: 14    Spells: 0/0 levels left

rFire   . . .      SeeInvis .   a - +0 hand axe
rCold   . . .      Faith    .   (no shield)
rNeg    . . .      Spirit   .   b - +0 leather armour
rPois   .          Reflect  .   (no helmet)
rElec   .          Harm     .   (no cloak)
rCorr   .          Rampage  .   (no gloves)
Will    .....                   (no boots)
Stlth   ++........              (no amulet)
HPRegen 0.06/turn               (no ring)
MPRegen 0.07/turn               (no ring)

@: invisible
A: no striking features
a: no special abilities


You were on level 4 of the Dungeon.
You visited 1 branch of the dungeon, and saw 4 of its levels.

Inventory:

Hand Weapons
 a - a +0 hand axe (weapon)
Armour
 b - a +0 leather armour (worn)
Wands
 g - a wand of digging (3)
Scrolls
 c - a scroll of fog
 h - a scroll of amnesia {unknown}
 i - a scroll of enchant armour {unknown}


   Skills:
 + Level 3.0 Fighting
 + Level 1.7 Axes
 + Level 1.7 Dodging
 + Level 4.5 Stealth


You couldn't memorise any spells.
You didn't know any spells.
Your spell library was empty.

Dungeon Overview and Level Annotations

Branches:
Dungeon (7/15)
 Temple: D:4-7

Altars:
Kikubaaqudgha
Ru


Message History

An orc is nearby!
The orc completely misses you.
You closely miss the orc. The orc closely misses you.
You hit the orc.
The orc is lightly wounded.
The orc barely misses you. The orc closely misses you.
You hit the orc but do no damage.
The orc is lightly wounded.
The orc hits you with a +0 hand axe.
You closely miss the orc.
The orc is lightly wounded.
The orc barely misses you.
You hit the orc but do no damage.
The orc is lightly wounded.
The orc hits you with a +0 hand axe.
You hit the orc.
The orc is heavily wounded.
The orc closely misses you.
You closely miss the orc.
The orc is heavily wounded.
The orc hits you with a +0 hand axe!
* * * LOW HITPOINT WARNING * * *
The orc closely misses you.
You hit the orc but do no damage.
The orc is heavily wounded.
The orc noisily roars encouragement to no one in particular.
The orc hits you but does no damage.
You hit the orc but do no damage.
The orc is heavily wounded.
The orc hits you with a +0 hand axe.
* * * LOW HITPOINT WARNING * * *
Okay, then.
Okay, then.
It was a potion of invisibility.
You fade into invisibility!
The orc closely misses you.
You barely miss the orc.
The orc is heavily wounded.
The orc hits you with a +0 hand axe.
You die...

..#..## #.#...# #
#.#...# .. ##.....
###...
.....#.....###......
....................
...... #.....o.....
......## ##o##.!......
........##.@###....?..
............# .......
#........### ....###
##..##..####...##
#...............
#..#.#####.#..... .^.
#.......# . #.#...#.#
#.#._.#


You could see an orc (unable to see you).

Vanquished Creatures (others)
  A human (D:5)
1 creature vanquished.

Notes
Turn   | Place    | Note
-------+----------+-------------------------------------------
     0 | D:5      | croobank the Demonspawn Delver began the quest for the Orb.
     0 | D:5      | Reached XP level 1. HP: 18/18 MP: 1/1
    24 | D:6      | Noticed a gnoll bouda
    35 | D:5      | Found an ancient bone altar of Kikubaaqudgha.
    35 | D:5      | Noticed a human
    39 | D:5      | Killed a human
   131 | D:7      | Noticed a sky beast
   183 | D:7      | Noticed a hornet
   204 | D:5      | Noticed a phantom
   322 | D:4      | Found a sacrificial altar of Ru.
   355 | D:4      | Slain by an orc

Illustrated notes

Levels and vault maps discovered:
D:4:      layout_cave_pools, mainiacjoe_overflow_cross_hatched,
          nicolae_hepliaklqana_hazy_memory, mainiacjoe_overflow_large_starburst,
          grunt_ministairs_7, minmay_misc_feat_chi
D:5:      layout_loops_ring, mainiacjoe_overflow_catwalk, tgw_kikubaaqudgha
D:6:      layout_loops_cross, minmay_temple_entry_grid,
          roderic_cross_of_infinity, uniq_sigmund
D:7:      layout_loops_corners, uniq_crazy_yiuf_cottage

Action                   || total
-------------------------++-------
Melee: Hand axe          ||    10
  Use: Scroll            ||     2
       Potion            ||     2
Armor: Leather armour    ||     1
Dodge: Dodged            ||     9
